 Dungeon Crawl Stone Soup version 0.30.0-11-gf55b779eaf (webtiles) character file.

Game seed: 3222391569884216945

37 monsoonserge the Vexing (level 3, 24/24 HPs)
             Began as a Formicid Enchanter on May 16, 2023.
             Was a Follower of Trog.
             Quit the game on level 1 of the Dungeon.
             The game lasted 00:02:53 (807 turns).

monsoonserge the Vexing (Formicid Enchanter)         Turns: 807, Time: 00:02:53

Health: 24/24      AC:  2    Str: 12    XL:     3   Next: 60%
Magic:  6/6        EV: 12    Int: 14    God:    Trog [*.....]
Gold:   44         SH:  0    Dex: 16    Spells: 4/6 levels left

rFire   . . .        a - +1 dagger
rCold   . . .        (no shield)
rNeg    . . .        b - +0 robe
rPois   .            (helmet unavailable)
rElec   .            (no cloak)
rCorr   .            (no gloves)
SInv    +            (no boots)
Will    .....        h - amulet of regeneration
Stlth   +++          (no ring)
HPRegen 1.04/turn    (no ring)
MPRegen 0.10/turn

%: no passive effects
@: no status effects
A: permanent stasis, dig shafts and tunnels, antennae 3, four strong arms
a: Dig, Shaft Self, Renounce Religion


You were on level 1 of the Dungeon.
You worshipped Trog.
Trog was aware of your devotion.
You visited 1 branch of the dungeon, and saw 1 of its levels.

You collected 44 gold pieces.

Inventory:

Hand Weapons
 a - a +1 dagger (weapon)
Missiles
 e - 3 poisoned darts
Armour
 b - a +0 robe (worn)
 d - a +0 ring mail
Jewellery
 h - an amulet of regeneration (around neck)
Scrolls
 f - 2 scrolls of teleportation {unknown}
 g - a scroll of enchant armour {unknown}
Potions
 c - 2 potions of invisibility


   Skills:
 + Level 0.1 Fighting
 + Level 1.2 Short Blades
 + Level 2.1 Dodging
 + Level 4.1 Stealth
 - Level 2.3 Spellcasting
 - Level 4.3 Hexes
 - Level 0.2 Ice Magic


You had 4 spell levels left.
You knew the following spells:

 Your Spells              Type           Power      Damage    Failure   Level
a - Ensorcelled Hibernat  Hex/Ice        16%        N/A       14%         2

Your spell library contained the following spells:

 Spells                   Type           Power      Damage    Failure   Level
 Confusing Touch          Hex            13%        N/A       12%         3
 Tukima's Dance           Hex            13%        N/A       12%         3
 Dazzling Flash           Conj/Hex       14%        N/A       28%         3


Dungeon Overview and Level Annotations

Branches:
Dungeon (1/15)

Altars:
Trog


Innate Abilities, Weirdness & Mutations

You cannot be hasted, slowed, berserked, paralysed or teleported.
You can dig through walls and to a lower floor.
You have a pair of large antennae on your head. (SInv)
Your four strong arms can wield two-handed weapons with a shield.


Message History

The giant cockroach barely misses you.
You hit the giant cockroach.
The giant cockroach is almost dead.
The giant cockroach bites you.
The giant cockroach bites you but does no damage.
You barely miss the giant cockroach.
The giant cockroach is almost dead.
The giant cockroach closely misses you.
You closely miss the giant cockroach.
The giant cockroach is almost dead.
The giant cockroach bites you but does no damage.
You hit the giant cockroach.
You kill the giant cockroach!
You sense a monster nearby.
An endoplasm comes into view.
Found a stone staircase leading down.
The endoplasm quivers.
You hit the endoplasm.
The endoplasm is moderately wounded.
The endoplasm closely misses you.
You hit the endoplasm.
The endoplasm is almost dead.
The endoplasm freezes you.
You are frozen.
You hit the endoplasm.
You kill the endoplasm!
Found 12 gold pieces.
You now have 44 gold pieces (gained 12).
f - 2 scrolls labelled HESMOATELL (gained 1)
There is a stone staircase leading down here.
Found a faded altar of an unknown god.
A ball python comes into view.
The helpless ball python fails to defend itself.
You impale the ball python!!
You kill the ball python!
There is a faded altar of an unknown god here.
This altar belongs to (a) Trog, (b) Fedhas or (c) Nemelex Xobeh, but you can't tell which.
Press the corresponding letter to learn more about a god, or press enter to convert or escape to cancel.
Trog accepts your prayer! Trog welcomes you!
Are you sure you want to abandon this character and quit the game? (Confirm with "yes".)

#############
#########..........†#
..................#.#
...........#.#......#
...........#....8...#
...........###.8@8..#
.########..# #..8...#
..........># #......#
.########..######.#.#
.# #.........#.#
.########..########.#
...........#......#.#
.#########.#.######.#
.# #....#.#......#.#


There were no monsters in sight!

Vanquished Creatures
  3 dart slugs (D:1)
  3 ball pythons (D:1)
  2 endoplasms (D:1)
  3 giant cockroaches (D:1)
  4 goblins (D:1)
  4 hobgoblins (D:1)
  A quokka (D:1)
  2 bats (D:1)
  2 frilled lizards (D:1)
  A kobold (D:1)
  A rat (D:1)
26 creatures vanquished.

Notes
Turn   | Place    | Note
-------+----------+-------------------------------------------
     0 | D:1      | monsoonserge the Formicid Enchanter began the quest for the
                  | Orb.
     0 | D:1      | Reached XP level 1. HP: 13/13 MP: 3/3
   100 | D:1      | Reached XP level 2. HP: 13/19 MP: 5/5
   103 | D:1      | Learned a level 2 spell: Ensorcelled Hibernation
   466 | D:1      | Reached XP level 3. HP: 24/24 MP: 3/6
   793 | D:1      | Found a faded altar of an unknown god.
   806 | D:1      | Prayed at the altar of an unknown god.
   806 | D:1      | Became a worshipper of Trog the Wrathful
   806 | D:1      | Reached * piety under Trog
   807 | D:1      | Quit the game

Illustrated notes

Levels and vault maps discovered:
D:1:      lightli_arrival_quake, layout_basic, serial_glass, glass_columns_a,
          glass_columns_b, glass_columns_a, chequers_ecumenical_altar_simple,
          minmay_tripent

Skill      XL: |  1  2  3 |
---------------+----------+-----
Hexes          | 4 |  4.3
Dodging        | 2 |  2.1
Stealth        | 4 |  4.1
Fighting       | |  0.1
Short Blades   | |  1.2
Spellcasting   | |  2.3
Ice Magic      | |  0.2

Action                     || total
---------------------------++-------
  Melee: Dagger            ||    99
   Cast: Ensorcelled Hiber ||     5
   Stab: Sleeping          ||     7
 Armour: Robe              ||    10
  Dodge: Dodged            ||    53
